AoeStats
← SaMgAmEpLaY

Arabian Desert

510210830Analyzed
1v1 RM · 2d ago on Sep 30, 2026· 81m 38s· 2 players
Game mode
Random Map
Map size
Tiny (2 player)
Population
200
Speed
Normal
Resources
Standard
Victory
Conquest
Starting age
Dark Age
Ending age
Imperial Age
RankedLock teamsTeams togetherTeam positionsShared explorationLock speedFull tech treeHidden civsTurbo modeCheats
Victory
Defeat
🇲🇽 Aztecs · Mexico
820
+15
🇲🇽 Italians · Mexico
809
-15
SaMgAmEpLaY
12:00 Feudal Age
13:11 Double-Bit Axe
18:53 Castle Age
16:40 Loom
19:54 Crossbowman
20:43 Gold Mining
22:50 Fletching
23:01 Padded Archer Armor
23:45 Wheelbarrow
31:23 Ballistics
33:35 Imperial Age
30:51 Town Watch
32:13 Stone Mining
35:22 Chemistry
34:18 Murder Holes
34:04 Treadmill Crane
35:12 Thumb Ring
35:57 Conscription
37:31 Pirotechnia
39:38 Bodkin Arrow
39:59 Leather Archer Armor
45:43 Onager
46:33 Bracer
47:04 Ring Archer Armor
55:19 Hand Cart
55:05 Town Patrol
60:15 Elite Skirmisher
72:47 Husbandry
73:28 Light Cavalry
74:13 Scale Mail Armor
74:19 Scale Barding Armor
74:29 Forging
GMEX | Tláloc Man
0:28 Loom
13:13 Feudal Age
17:30 Castle Age
15:51 Horse Collar
16:05 Double-Bit Axe
19:05 Bow Saw
19:20 Heavy Plow
20:35 Squires
23:23 Stone Mining
24:17 Fervor
24:59 Wheelbarrow
25:31 Eagle Warrior
26:12 Scale Mail Armor
27:25 Gold Mining
28:46 Chain Mail Armor
30:29 Fletching
31:46 Hand Cart
31:54 Town Watch
33:14 Ballistics
35:26 Imperial Age
32:32 Elite Skirmisher
33:16 Atlatl
33:58 Bodkin Arrow
34:55 Sanctity
35:22 Forging
37:11 Bracer
37:31 Town Patrol
37:00 Capped Ram
38:00 Block Printing
38:04 Treadmill Crane
39:25 Chemistry
38:45 Siege Ram
40:21 Plate Mail Armor
40:40 Padded Archer Armor
41:05 Elite Eagle Warrior
42:55 Leather Archer Armor
42:33 Arson
43:37 Siege Engineers
43:56 Conscription
44:45 Gold Shaft Mining
47:13 Iron Casting
49:49 Blast Furnace
51:28 Garland Wars
61:09 Stone Shaft Mining
62:38 Redemption
62:44 Block Printing
80:58 Murder Holes
80:54 Guard Tower
80:50 Arrowslits
Connection lost

Rejoining the realm…

Still unreachable

The connection could not be restored.

Session expired

The server has moved on; the page needs a fresh start.